 Dungeon Crawl Stone Soup version 0.22-a0-406-g9ff8d77 (webtiles) character file.

14 iamserjio the Grave Robber (level 2, -1/19 (20) HPs)
             Began as a Ghoul Necromancer on May 8, 2018.
             Slain by a gnoll
             ... wielding a +0 flail
              (11 damage)
             ... on level 1 of the Dungeon.
             The game lasted 00:01:34 (609 turns).

iamserjio the Grave Robber (Ghoul Necromancer)       Turns: 609, Time: 00:01:35

HP:   -1/19 (20)    AC:  2    Str: 11    XL:     2   Next: 45%
MP:   0/4           EV: 12    Int: 10    God:
Gold: 0             SH:  0    Dex:  9    Spells: 4/5 levels left

rFire    . . .     SeeInvis .     - Unarmed
rCold    + . .     Gourm    .   (no shield)
rNeg     + + +     Faith    .   a - +0 robe
rPois    ∞         Spirit   .   (no helmet)
rElec    .         Reflect  .   (no cloak)
rCorr    .         Harm     .   (no gloves)
MR       .....                  (no boots)
Stlth    ++........             (no amulet)
HPRegen  0.00/turn              (no ring)
MPRegen  0.09/turn              (no ring)

@: rotting
A: rotting body, claws 1, carnivore, cold resistance 1, negative energy
resistance 3, inhibited regeneration, torment resistance, unbreathing
a: no special abilities


You were on level 1 of the Dungeon.
You were not hungry.

You visited 1 branch of the dungeon, and saw 1 of its levels.

Inventory:

Armour
 a - a +0 robe (worn)
Potions
 b - a potion of agility {unknown}
Comestibles
 c - 2 rations
 d - 2 chunks of flesh


   Skills:
 - Level 1.8 Dodging
 - Level 2.2 Stealth
 * Level 1.2 Unarmed Combat
 + Level 2.0 Spellcasting
 + Level 4.1 Necromancy


You had 4 spell levels left.
You knew the following spells:

 Your Spells              Type           Power        Failure   Level  Hunger
a - Pain                  Necr           #...         6%          1    ##.....


Dungeon Overview and Level Annotations

Branches:
Dungeon (1/15)

Altars:


Innate Abilities, Weirdness & Mutations

Your body is rotting away.
You thrive on raw meat.
You are immune to poison.
You have sharp fingernails.
You are carnivorous and can eat meat at any time.
Your flesh is cold resistant. (rC+)
You are immune to negative energy. (rN+++)
You do not regenerate when monsters are visible.
You are immune to unholy pain and torment.
You can survive without breathing.


Message History

The gnoll hits you with a flail.
You completely miss the gnoll.
The gnoll is heavily wounded.
The gnoll barely misses you.
You scratch the gnoll.
The gnoll is severely wounded.
The gnoll hits you but does no damage.
You closely miss the gnoll.
The gnoll is severely wounded.
The gnoll barely misses you.
You scratch the gnoll.
The gnoll is severely wounded.
You barely miss the gnoll.
The gnoll is severely wounded.
The gnoll misses you.
You scratch the gnoll.
The gnoll is almost dead.
The gnoll hits you with a flail!
Ouch! That really hurt!
You die...

######### #.......#
#.#####.# #.# #.#
###.#####.# #....).##.#
###############
#.#.##.##.###.#.g.........#
#.#.##.##.##...@#########.#
#.#.##.##.#...^.# #.#
#.........##....#
#####g#####
######..........#
#.........# ##.#####.###
#.###.###.# #.# #.# #...#
#.# ##'## ###.# #.# ##...##
... ### #.###.....## ###


You could see a gnoll.

Vanquished Creatures
  A leopard gecko (D:1)
  2 bats (D:1)
  A giant cockroach (D:1)
  2 goblins (D:1)
  2 hobgoblins (D:1)
  3 kobolds (D:1)
11 creatures vanquished.

Notes
Turn   | Place    | Note
-------+----------+-------------------------------------------
     0 | D:1      | iamserjio the Ghoul Necromancer began the quest for the Orb.
     0 | D:1      | Reached XP level 1. HP: 14/14 MP: 2/2
   335 | D:1      | Reached XP level 2. HP: 18/19 MP: 0/3
   398 | D:1      | Reached skill level 1 in Unarmed Combat
   609 | D:1      | Slain by a gnoll

Vault maps used:
D:1:      lightli_arrival_flooded_house

Skill      XL: |  1  2 |
---------------+-------+-----
Unarmed Combat | 1 |  1.2
Spellcasting   | 2 |  2.0
Dodging        | |  1.8
Stealth        | |  2.2
Necromancy     | |  4.1

Action                   || total
-------------------------++-------
Melee: Unarmed           ||    35
 Cast: Pain              ||    20
  Eat: Chunk             ||     2
Armor: Robe              ||    10
Dodge: Dodged            ||    24

Table legend:
 A = Spawn XP
 B = Non-spawn XP
 C = Spawn XP percentage of total XP
 D = Spawn monster count
 E = Non-spawn monster count
 F = Spawn count percentage of total count
 G = Total turns spent on level
                    A         B        C        D         E        F      G
               +---------+---------+-------+---------+---------+-------+---------
         Total |       0 |      21 |   0.0 |       0 |      11 |   0.0 |   609
               +---------+---------+-------+---------+---------+-------+---------
           D:1 |       0 |      21 |   0.0 |       0 |      11 |   0.0 |   609
               +---------+---------+-------+---------+---------+-------+---------
